Map: Nightscape LE

Players

Massa - Winner!

  • Race: Terran Terran
  • League: Platinum
  • Spawn Location: 7:00

qqq - Winner!

  • Race: Zerg Zerg
  • Spawn Location: 7:00

Guardian

  • Race: Protoss Protoss
  • League: Diamond
  • Spawn Location: 1:00

TAC

  • Race: Terran Terran
  • Spawn Location: 1:00

VOD

Have the link to the VOD?

Description

Time

  • Played on: Feb. 6, 2021, 7:37 a.m.
  • Length: 7:02
Show
View Real Time Build Order
Export as new Build Order

Massa Terran - Winner!

Build Orders:  

Get SALT Encoding   

  12  0:00  SCV  
  13  0:12  SCV  
  14  0:19  Supply Depot  
  14  0:24  SCV  
  15  0:41  SCV  
  15  0:42  Barracks  
  16  0:53  SCV  
  17  1:05  SCV  
  17  1:09  Refinery  
  18  1:17  SCV  
  19  1:29  Marine  
  19  1:31  Supply Depot  
  21  1:36  Orbital Command  
  20  1:46  Marine  
  21  2:00  Command Center  
  21  2:05  Reaper  
  21  2:07  SCV  
  23  2:19  Refinery, SCV  
  24  2:34  SCV  
  25  2:42  Barracks Reactor  
  25  2:46  SCV  
  26  2:52  Factory  
  26  2:58  SCV, Engineering Bay  
  26  3:18  Marine x2  
  28  3:21  Orbital Command  
  28  3:27  Barracks x2  
  28  3:29  Barracks  
  27  3:36  Marine x2  
  28  3:45  Orbital Command  
  27  3:55  Factory  
  27  3:59  Bunker  
  27  4:06  Bunker  
  27  4:20  Marine x2  
  27  4:21  Marine  
  27  4:23  SCV  
  31  4:35  SCV  
  31  4:38  Marine x3  
  33  4:40  Factory Tech Lab, Supply Depot  
  35  4:46  Bunker  
  35  4:51  Marine  
  36  4:56  Marine x2  
  38  5:01  Marine  
  38  5:02  Supply Depot x2  
  39  5:23  SCV, Marine x4, Siege Tank  
  39  5:27  Starport  
  48  5:35  SCV  
  48  5:42  SCV  
  49  5:47  SCV  
  50  5:51  Armory  
  50  5:54  SCV  
  50  5:55  Missile Turret, Siege Tank  
  54  5:57  Barracks Tech Lab, Missile Turret  
  54  6:22  Supply Depot  
  54  6:23  Supply Depot  
  54  6:34  SCV  
  53  6:42  Marine  
  53  6:43  Marine x2  
  53  6:46  SCV  
  62  6:48  Supply Depot  
Show
View Real Time Build Order
Export as new Build Order

qqq Zerg - Winner!

Build Orders: Hatch First 

Get SALT Encoding   

  12  0:06  Drone  
  13  0:13  Drone  
  14  0:18  Overlord  
  14  0:45  Hatchery  
  13  1:05  Spawning Pool  
  13  1:06  Extractor  
  11  1:13  Drone  
  11  1:17  Drone  
  13  1:23  Drone  
  14  1:35  Drone  
  14  1:36  Drone  
  16  1:55  Drone  
  16  1:57  Drone  
  16  1:59  Drone  
  19  2:05  Queen  
  21  2:17  Queen  
  23  2:24  Metabolic Boost  
  23  2:28  Drone  
  24  2:31  Drone  
  25  2:37  Overlord  
  25  2:40  Drone  
  25  2:43  Drone  
  27  2:46  Drone  
  28  2:51  Overlord  
  28  3:03  Zergling x4  
  28  3:04  Drone  
  28  3:05  Zergling x4  
  28  3:22  Zergling x8  
  30  3:29  Zergling x6  
  30  3:31  Zergling x2  
  34  3:47  Zergling x4  
  36  3:54  Zergling x4  
  37  3:56  Queen  
  37  3:58  Drone, Zergling x2  
  40  4:16  Zergling x6  
  38  4:17  Zergling x4  
  38  4:23  Extractor  
  38  4:29  Zergling x2  
  38  4:31  Zergling x4  
  41  4:41  Zergling x2  
  42  4:51  Overlord  
  37  5:12  Zergling x4  
  37  5:13  Zergling x2  
  36  5:40  Zergling x2  
  36  5:41  Zergling x4  
  39  5:43  Lair  
  39  5:48  Zergling x2  
  38  5:53  Hatchery  
  38  5:54  Drone  
  37  6:20  Drone x2  
  37  6:41  Hatchery  
  36  6:56  Hatchery  
Show
View Real Time Build Order
Export as new Build Order

Guardian Protoss 

Build Orders:  

Get SALT Encoding   

  12  0:01  Probe  
  13  0:14  Pylon  
  13  0:20  Probe  
  14  0:32  Probe  
  15  0:36  Forge  
  15  0:44  Probe (Chrono Boost)  
  16  0:56  Probe (Chrono Boost)  
  17  1:05  Pylon  
  17  1:17  Pylon  
  16  1:38  Probe  
  16  1:51  Probe  
  17  2:03  Probe  
  18  2:15  Probe  
  19  2:18  Assimilator  
  19  2:24  Pylon  
  19  2:27  Probe  
  20  2:39  Probe  
  20  2:43  Photon Cannon  
  21  2:44  Gateway  
  21  2:47  Gateway  
  21  2:49  Gateway  
  21  3:23  Pylon  
  21  3:36  Zealot x2  
  21  3:37  Zealot  
  27  3:44  Pylon  
  27  4:14  Zealot x3  
  27  4:27  Cybernetics Core  
  27  4:32  Assimilator  
  27  4:38  Pylon  
  27  4:41  Pylon, Zealot x3  
  27  4:44  Pylon  
  32  5:04  Gateway  
  32  5:05  Gateway  
  32  5:08  Zealot, Pylon  
  32  5:11  Probe  
  35  5:23  Probe  
  35  5:25  Pylon  
  35  5:26  Pylon  
  35  5:28  Pylon  
  28  5:49  Zealot  
  27  5:50  Zealot x2  
  27  6:09  Probe  
  28  6:16  Zealot  
  28  6:17  Zealot x2  
  34  6:31  Probe  
  23  6:43  Probe  
Show
View Real Time Build Order
Export as new Build Order

TAC Terran 

Build Orders:  

Get SALT Encoding   

  12  0:00  SCV  
  13  0:12  SCV  
  14  0:17  Supply Depot  
  14  0:24  SCV  
  15  0:49  SCV  
  16  0:54  Barracks  
  16  1:02  SCV  
  17  1:15  Barracks  
  17  1:18  Barracks  
  17  1:23  SCV  
  18  1:31  Refinery  
  18  1:35  SCV, Supply Depot  
  19  1:49  Marine  
  20  1:55  Orbital Command  
  20  2:04  Marine  
  20  2:05  Marine  
  22  2:08  Marine  
  23  2:20  SCV  
  23  2:22  Marine  
  25  2:23  Marine  
  25  2:24  Supply Depot  
  25  2:29  Marine  
  27  2:40  Marine  
  27  2:41  Marine  
  29  2:47  Marine  
  30  2:51  Barracks  
  30  2:55  SCV  
  30  2:56  Engineering Bay  
  30  2:58  Marine  
  32  2:59  Marine  
  32  3:05  Marine  
  34  3:15  Marine  
  35  3:32  Marine x2  
  35  3:33  Marine  
  38  3:50  Marine  
  38  3:51  Marine  
  39  4:00  Terran Infantry Weapons Level 1  
  39  4:01  Supply Depot  
  39  4:08  Marine x2  
  39  4:22  Marine  
  40  4:24  Supply Depot  
  40  4:26  Marine x2  
  42  4:40  Marine  
  42  4:42  Supply Depot  
  42  4:43  Supply Depot  
  42  4:45  Supply Depot  
  41  4:46  Supply Depot x2  
  41  4:48  Supply Depot  
  41  5:13  Marine  
  41  5:14  Marine  
  41  5:48  Command Center  
  27  6:07  Refinery  
  27  6:13  Factory  
  27  6:17  Factory  
  27  6:21  SCV  
Tags
 
Add a new tag
Caveats
  • Supply blocks, unpowered buildings, or Contaminate may cause inaccurate times.
  • Supply counts are checked every 10 seconds.